 Dungeon Crawl Stone Soup version 0.18-a0-1180-g64ccc1e (webtiles) character file.

25 st0uf the Ruffian (level 2, -2/23 HPs)
             Began as a Draconian Transmuter on Jan 27, 2016.
             Slain by Terence
             ... wielding a +0 flail
              (10 damage)
             ... on level 2 of the Dungeon.
             The game lasted 00:04:38 (1089 turns).

st0uf the Ruffian (Draconian Transmuter)            Turns: 1089, Time: 00:04:38

Health: -2/23      AC:  4    Str: 12    XL:     2   Next: 82%
Magic:  4/5        EV: 12    Int: 13    God:
Gold:   37         SH:  0    Dex: 11    Spells: 2 memorised, 2 levels left

rFire  . . .     SeeInvis .       - Unarmed
rCold  . . .     Gourm    .     (armour unavailable)
rNeg   . . .     Faith    .     (no shield)
rPois  .         Spirit   .     (helmet restricted)
rElec  .         Dismiss  .     (no cloak)
rCorr  .         Reflect  .     (no gloves)
SustAt .         Harm     .     (no boots)
MR     .....                    (no amulet)
Stlth  +.........               (no ring)
                                (no ring)

@: not resistant to hostile enchantments, very unstealthy
A: unfitting armour, cold-blooded, AC +4
a: no special abilities


You were on level 2 of the Dungeon.
You were not hungry.

You visited 1 branch of the dungeon, and saw 2 of its levels.

You collected 37 gold pieces.

Inventory:

Missiles
 a - 51 arrows
 f - 23 stones (quivered)
Wands
 k - a wand of fireball (8/15)
Scrolls
 e - a scroll of noise {unknown}
 h - a scroll of random uselessness {unknown}
 j - a scroll of identify {unknown}
Potions
 g - a potion of cancellation {unknown}
 i - a potion of haste {unknown}
Books
 b - a book of Changes

   Spells                             Type                      Level
   a - Beastly Appendage              Transmutation                1
   b - Sticks to Snakes               Transmutation                2
   c - Spider Form                    Transmutation/Poison         3
   d - Ice Form                       Ice/Transmutation            4
   e - Blade Hands                    Transmutation                5
Comestibles
 c - 2 bread rations


   Skills:
 + Level 1.2 Fighting
 + Level 1.8 Dodging
 * Level 3.8 Unarmed Combat
 + Level 2.1 Spellcasting
 * Level 2.0 Transmutations


You had 2 spell levels left.
You knew the following spells:

 Your Spells              Type           Power        Failure   Level  Hunger
a - Beastly Appendage     Trmt           #.....       12%         1    ##.....
b - Sticks to Snakes      Trmt           #.......     17%         2    ###....


Dungeon Overview and Level Annotations

Branches:
Dungeon (2/15)

Altars:
Ashenzari

Annotations:
D:2 Terence


Innate Abilities, Weirdness & Mutations

Your plain brown scales are hard (AC +4).
Your body does not fit into most forms of armour.
You are cold-blooded and may be slowed by cold attacks.


Message History

Your ball python constricts Terence.
Terence says, "Time to say good-bye..."
Terence closely misses you.
You hit Terence but do no damage.
Terence is moderately wounded.
Your ball python completely misses Terence.
Your ball python constricts Terence.
Your ball python bites Terence but does no damage.
Your ball python constricts Terence.
You hit Terence.
You tail-slap Terence, but do no damage.
Terence is heavily wounded.
Terence says, "Time to say good-bye..."
Terence closely misses you.
Your ball python bites Terence but does no damage.
Your ball python constricts Terence.
You completely miss Terence.
Terence is heavily wounded.
Terence hits you with a flail!
You die...

##.#.####......<..###..
##...# ##.......## #..
###.# ##.....## ###
###.# ##...## # #..#.#
##+## # #.#.## # #.###
# #.###### # #..S@.(# #
# #...@#.# ..# #
#.##.#.###...## #
#.##...........######
#.####.####.##.......
#.# #.# ####..##
#.####.# #.# #......#
#. ########


You could see Terence and a friendly ball python.

Vanquished Creatures
  An ooze (D:1)
  A worm (D:2)
  A giant gecko (D:1)
  A giant cockroach (D:1)
  3 goblins (D:1)
  A hobgoblin (D:1)
  3 jackals (D:2)
  2 giant newts
  3 kobolds (D:1)
16 creatures vanquished.

Notes
Turn   | Place    | Note
--------------------------------------------------------------
     0 | D:1      | st0uf the Draconian Transmuter began the quest for the Orb.
     0 | D:1      | Reached XP level 1. HP: 16/16 MP: 3/3
    74 | D:1      | Reached XP level 2. HP: 20/23 MP: 3/5
   524 | D:2      | Found a shattered altar of Ashenzari.
   952 | D:2      | Noticed Terence
  1066 | D:2      | Learned a level 2 spell: Sticks to Snakes
  1089 | D:2      | Slain by Terence

Vault maps used:
D:1:      minmay_arrival_glassed_features, serial_bayou_crossing
D:2:      minmay_misc_feat_doors, ashenzari_altar_1, uniq_crazy_yiuf_cottage,
          uniq_terence

Action                   || total
-------------------------++-------
Melee: Unarmed           ||    71
 Cast: Beastly Appendage ||    14
       Sticks to Snakes  ||     1
  Eat: Chunk             ||     1
